 Dungeon Crawl Stone Soup version 0.20.1-1-g8b1a95d (webtiles) character file.

810 gobwax the Reanimator (level 7, -6/36 HPs)
             Began as a Deep Elf Necromancer on Sept 7, 2017.
             Mangled by Duvessa
             ... wielding a +0 short sword
              (15 damage)
             ... on level 7 of the Dungeon.
             The game lasted 00:14:52 (6014 turns).

gobwax the Reanimator (Deep Elf Necromancer)        Turns: 6014, Time: 00:14:53

Health: -6/36      AC:  2    Str:  5    XL:     7   Next: 61%
Magic:  7/19       EV: 14    Int: 22    God:
Gold:   225        SH:  0    Dex: 15    Spells: 9/20 levels left

rFire    . . .     SeeInvis .   y - +2 war axe (distort)
rCold    . . .     Gourm    .   (no shield)
rNeg     . . .     Faith    .   a - +0 robe
rPois    .         Spirit   .   (no helmet)
rElec    .         Reflect  .   (no cloak)
rCorr    .         Harm     .   (no gloves)
MR       .....                  (no boots)
Stlth    ++........             (no amulet)
Regen    1.2/turn               (no ring)
MPRegen  0.2/turn               (no ring)

@: regenerating (expiring)
A: no striking features
a: no special abilities


You were on level 7 of the Dungeon.
You were hungry.

You visited 1 branch of the dungeon, and saw 7 of its levels.

You collected 225 gold pieces.

Inventory:

Hand Weapons
 o - a +3 dagger of venom
 y - a +2 war axe of distortion (weapon)
Armour
 a - a +0 robe (worn)
Jewellery
 e - an uncursed amulet of inaccuracy
 g - a -3 ring of protection
Wands
 p - a wand of flame (8/48)
 u - a wand of flame (10/48)
 x - a wand of paralysis (6/24)
 H - a wand of confusion (17/48)
Scrolls
 d - 5 scrolls of remove curse
 h - 2 scrolls of amnesia
 q - 5 scrolls of teleportation
 s - 2 scrolls of recharging {unknown}
 v - a scroll of fog {unknown}
 C - a scroll of identify {unknown}
 E - a scroll of random uselessness {unknown}
 F - a scroll of immolation {unknown}
 G - 2 scrolls of enchant weapon
 I - a scroll of vulnerability {unknown}
Potions
 f - 3 potions of agility
 i - 3 potions of curing {unknown}
 k - a potion of ambrosia {unknown}
 l - 4 potions of berserk rage {unknown}
 m - 2 potions of heal wounds {unknown}
 n - 2 potions of flight {unknown}
 w - 2 potions of magic {unknown}
 z - 2 potions of might {unknown}
 A - a potion of lignification {unknown}
 B - a potion of brilliance {unknown}
Books
 b - a book of Necromancy

   Spells                             Type                      Level
   a - Pain                           Necromancy                   1
   b - Animate Skeleton               Necromancy                   1
   c - Vampiric Draining              Necromancy                   3
   d - Regeneration                   Charms/Necromancy            3
   e - Animate Dead                   Necromancy                   4
   f - Control Undead                 Necromancy                   4
 D - a book of Air

   Spells                             Type                      Level
   a - Shock                          Conjuration/Air              1
   b - Swiftness                      Charms/Air                   2
   c - Static Discharge               Conjuration/Air              3
   d - Airstrike                      Air                          4
   e - Lightning Bolt                 Conjuration/Air              5
Comestibles
 c - 5 bread rations
 j - 2 royal jellies
 r - 3 meat rations
 t - a fruit


   Skills:
 + Level 3.4 Dodging
 - Level 2.4 Stealth
 + Level 7.3 Spellcasting
 + Level 1.7 Charms
 + Level 9.0 Necromancy


You had 9 spell levels left.
You knew the following spells:

 Your Spells              Type           Power        Failure   Level  Hunger
a - Pain                  Necr           ####         1%          1    None
b - Vampiric Draining     Necr           #####.....   1%          3    None
c - Control Undead        Necr           #####.....   1%          4    ###....
d - Regeneration          Chrm/Necr      ####......   2%          3    None


Dungeon Overview and Level Annotations

Branches:
Dungeon (7/15)
 Temple: D:4-7

Altars:
Xom
Zin

Annotations:
D:3 acidapple's ghost, amateur DsGl
D:4 Grinder
D:7 Duvessa


Message History

Casting: Vampiric Draining
Confirm with . or Enter, or press ? or * to list all spells.
Aiming: Vampiric Draining
Press: ? - help, Shift-Dir - straight line, f/p - Duvessa
Aim: Duvessa, wielding a short sword and wearing a dyed leather armour (lightly wounded, berserk, fast, unusually strong) Duvessa is moderately wounded.
You feel life coursing into your body. Duvessa hits you with a short sword!
* * * LOW HITPOINT WARNING * * *
Duvessa closely misses you.
Casting: Vampiric Draining
Confirm with . or Enter, or press ? or * to list all spells.
Okay, then.
Casting: Vampiric Draining
Confirm with . or Enter, or press ? or * to list all spells.
Aiming: Vampiric Draining
Press: ? - help, Shift-Dir - straight line, f/p - Duvessa
Aim: Duvessa, wielding a short sword and wearing a dyed leather armour (moderately wounded, berserk, fast, unusually strong) Duvessa is heavily wounded.
You feel life coursing into your body. Duvessa hits you with a short sword!
You die...

.............# #.....
.............# ###...
.............# ##..
.............# ### .............#
############ # ............##
##..........# ............####
#...........#
...............###...........# ##
...e........)..e@............###.
..e........######............#...
..#####...## ###.>..........## .
##### #.........#### ###.......#
######..# #.## #.# ###


You could see Duvessa (berserk).

Vanquished Creatures
  A centaur (D:5)
  3 bullfrogs (D:6)
  A scorpion (D:6)
  Dowan (D:7)
  A crimson imp (D:5)
  A centaur zombie (D:5)
  2 hounds
  An orc wizard (D:4)
  An iguana (D:5)
  Natasha (twice) (D:2)
  5 worker ants
  3 adders
  2 worms (D:2)
  A dart slug (D:2)
  4 leopard geckos
  6 orcs
  5 giant cockroaches
  6 goblins
  6 hobgoblins
  6 jackals
  2 quokkas
  A ball python (D:3)
  10 bats
  4 frilled lizards
  8 kobolds
  12 rats
95 creatures vanquished.

Vanquished Creatures (collateral kills)
  2 adder skeletons (D:5)
  An orc (D:3)
  2 hobgoblins (D:3)
  2 kobolds (D:3)
  A quokka skeleton (D:5)
8 creatures vanquished.

Vanquished Creatures (others)
  A hound (D:6)
  An adder (D:6)
  A jackal (D:6)
3 creatures vanquished.

Grand Total: 106 creatures vanquished

Notes
Turn   | Place    | Note
-------+----------+-------------------------------------------
     0 | D:1      | gobwax the Deep Elf Necromancer began the quest for the Orb.
     0 | D:1      | Reached XP level 1. HP: 10/10 MP: 6/6
    17 | D:1      | Reached skill level 5 in Necromancy
   287 | D:1      | Reached XP level 2. HP: 8/15 MP: 1/8
   910 | D:1      | Reached XP level 3. HP: 10/19 MP: 1/10
   915 | D:1      | Learned a level 3 spell: Vampiric Draining
  1267 | D:2      | Reached skill level 6 in Necromancy
  1571 | D:2      | Noticed Natasha
  1575 | D:2      | Killed Natasha
  1575 | D:2      | Reached XP level 4. HP: 20/24 MP: 7/12
  2538 | D:2      | Noticed Natasha
  2549 | D:2      | Killed Natasha
  2858 | D:3      | Learned a level 4 spell: Control Undead
  2862 | D:3      | Learned a level 3 spell: Regeneration
  3017 | D:3      | Reached XP level 5. HP: 27/28 MP: 11/14
  3075 | D:3      | Noticed acidapple's ghost (amateur DsGl)
  3291 | D:4      | Reached skill level 5 in Spellcasting
  3291 | D:4      | Reached skill level 7 in Necromancy
  3608 | D:4      | Noticed Grinder
  4106 | D:5      | Entered Level 5 of the Dungeon
  4106 | D:5      | Noticed a centaur
  4114 | D:5      | Killed a centaur
  4114 | D:5      | Reached XP level 6. HP: 14/32 MP: 5/17
  4798 | D:5      | Reached skill level 1 in Charms
  5123 | D:5      | Reached skill level 8 in Necromancy
  5380 | D:6      | Reached XP level 7. HP: 24/36 MP: 5/18
  5560 | D:6      | Found a shimmering altar of Xom.
  5560 | D:6      | Noticed an angel
  5561 | D:6      | Found a glowing silver altar of Zin.
  5640 | D:6      | Reached skill level 9 in Necromancy
  5969 | D:7      | Noticed Dowan
  5976 | D:7      | Noticed Duvessa
  5991 | D:7      | Killed Dowan
  6013 | D:7      | HP: 1/36 [Duvessa/short sword (12)]
  6014 | D:7      | Mangled by Duvessa

Skill      XL: |  1  2  3  4  5  6  7 |
---------------+----------------------+-----
Necromancy     | 5 6 7 8 9 |  9.0
Spellcasting   | 4 6 7 |  7.3
Charms         | 1 |  1.7
Dodging        | 3 |  3.4
Stealth        | |  2.4

Action                   |  1- 3 |  4- 6 |  7- 9 || total
-------------------------+-------+-------+-------++-------
Melee: Dagger            |     3 |    60 |       ||    63
       War axe           |       |    13 |    30 ||    43
 Cast: Pain              |    62 |    70 |     8 ||   140
       Vampiric Draining |       |    10 |     7 ||    17
       Regeneration      |       |     6 |     2 ||     8
       Control Undead    |       |     9 |     1 ||    10
  Use: Scroll            |     1 |     4 |       ||     5
 Stab: Sleeping          |       |     1 |       ||     1
  Eat: Chunk             |     2 |    12 |     3 ||    17
Armor: Robe              |     2 |    12 |     5 ||    19
Dodge: Dodged            |     9 |    76 |    41 ||   126
